 Dungeon Sprint DCSS version 0.30.0-29-ga12c61a403 (webtiles) character file.

Game seed: 2060696972929203727

100610 Groucho the Shatterer (level 16, -16/169 HPs)
             Began as a Naga Warper on June 6, 2023.
             Was the Champion of Cheibriados.
             Killed from afar by Juuptiesh the pandemonium lord (19 damage)
             ... with an arc of chain lightning
             ... in the Dungeon (Sprint V: "Ziggurat Sprint").
             The game lasted 00:17:27 (3470 turns).

Groucho the Shatterer (Naga Warper)                 Turns: 3470, Time: 00:17:28

Health: -16/169    AC: 26    Str: 35    XL:     16   Next: 28%
Magic:  23/34      EV: 14    Int: 40    God:    Cheibriados [******]
Gold:   0          SH: 33    Dex: 25    Spells: 26/44 levels left

rFire   + . .        F - +6 shillelagh "Devastator" {shatter}
rCold   + . .        D - +18 shield of the Gong {Loud rN+ Will+ rCorr EV-5}
rNeg    + . .        a - +5 gold dragon scales
rPois   +            (no helmet)
rElec   +            (no cloak)
rCorr   +            (no gloves)
SInv    +            (no barding)
Will    +++..        J - amulet of Vitality {RegenMP++ Regen++} Stlth
                     O - ring "Wavebeag" {rElec EV+5 Str+5}
HPRegen 2.08/turn    x - +6 ring of intelligence
MPRegen 1.04/turn

%: no teleportation
@: slowed, studying 2 skills, unable to read, very slow
A: AC +5, large, see invisible, deformed body, poison resistance, slowness 2,
spit poison 1, naga tail 2, dopey 1, inability to read after injury 1
a: Spit Poison, Renounce Religion, Bend Time, Temporal Distortion, Slouch, Step
From Time


You were in the Dungeon.
You worshipped Cheibriados.
Cheibriados was exalted by your worship.
You visited 1 branch

Inventory:

Hand Weapons
 E - the +7 great mace "Firestarter" {flame, immolate, rFlCloud rF++}
   (You found it in the Dungeon)

   rFlCloud:  It grants immunity to clouds of flame.
   rF:        It greatly protects you from fire.
 F - the +6 shillelagh "Devastator" (weapon) {shatter}
   (You found it in the Dungeon)
 G - the +10 dark maul {heavy}
   (You found it in the Dungeon)
Missiles
 d - 3 boomerangs of dispersal (quivered)
 H - 6 boomerangs
 V - a silver javelin
Armour
 a - +5 gold dragon scales (worn)
 C - the +15 Maxwell's patent armour {-Cast -Tele rElec Will+ rCorr}
   (You found it in the Dungeon)

   rElec:     It insulates you from electricity.
   -Cast:     It prevents spellcasting.
   -Tele:     It prevents most forms of teleportation.
   rCorr:     It protects you from acid and corrosion.
   Will:      It increases your willpower.
 D - the +18 shield of the Gong (worn) {Loud rN+ Will+ rCorr EV-5}
   (You found it in the Dungeon)

   Loud:      It is deafeningly noisy when blocking attacks.
   EV:        It affects your evasion (-5).
   rN:        It protects you from negative energy.
   rCorr:     It protects you from acid and corrosion.
   Will:      It increases your willpower.
 Z - the +10 tower shield of Ignorance {rN+ Int-4}
   (You found it in the Dungeon)

   Int:       It affects your intelligence (-4).
   rN:        It protects you from negative energy.
Jewellery
 u - a ring of flight
 w - a +5 ring of evasion
 x - a +6 ring of intelligence (right hand)
 y - a +6 ring of intelligence
 z - a +6 ring of dexterity
 J - the amulet of Vitality (around neck) {RegenMP++ Regen++}
   (You found it in the Dungeon)

   [amulet of magic regeneration]

   It increases your rate of magic regeneration.
   Regen:     It increases your rate of health regeneration.
 L - the amulet of Wuxzeas {Acrobat rF+ rC+ rCorr Stlth-}
   (You found it in the Dungeon)

   [amulet of the acrobat]

   It increases your evasion while moving and waiting.
   rF:        It protects you from fire.
   rC:        It protects you from cold.
   rCorr:     It protects you from acid and corrosion.
   Stlth:     It makes you less stealthy.
 O - the ring "Wavebeag" (left hand) {rElec EV+5 Str+5}
   (You found it in the Dungeon)

   [ring of evasion]

   EV:        It affects your evasion (+5).
   Str:       It affects your strength (+5).
   rElec:     It insulates you from electricity.
 P - the amulet "Xonkiown" {Spirit rC++ Will++ Str-5}
   (You took it off a deep elf sorcerer in the Dungeon)

   [amulet of guardian spirit]

   It causes incoming damage to be divided between your reserves of health and
   magic.
   Str:       It affects your strength (-5).
   rC:        It greatly protects you from cold.
   Will:      It greatly increases your willpower.
 Q - the amulet "Xiniwyga" {rN+ Will++ Regen+ rCorr}
   (You found it in the Dungeon)

   [amulet of regeneration]

   rN:        It protects you from negative energy.
   Regen:     It increases your rate of health regeneration.
   rCorr:     It protects you from acid and corrosion.
   Will:      It greatly increases your willpower.
Wands
 s - a wand of mindburst (10)
 t - a wand of light (20)
 B - a wand of polymorph (22)
 K - a wand of roots (7)
 M - a wand of flame (55)
 N - a wand of paralysis (30)
Scrolls
 c - 5 scrolls of blinking
 j - 4 scrolls of amnesia
 k - 7 scrolls of fog
 l - 5 scrolls of identify
 m - 2 scrolls of fear
 I - 4 scrolls of enchant armour
 S - a scroll of brand weapon
 X - 4 scrolls of enchant weapon
Potions
 e - 9 potions of curing
 f - 5 potions of heal wounds
 g - 14 potions of haste
 h - 7 potions of magic
 i - 2 potions of berserk rage
 n - 2 potions of brilliance
 o - 2 potions of invisibility
 p - 4 potions of resistance
 q - a potion of experience
 r - 5 potions of might


   Skills:
 + Level 17.2 Fighting
 * Level 23.3 Maces & Flails
 - Level 0.8 Throwing
 * Level 18.5 Armour
 + Level 13.5 Dodging
 + Level 14.5 Shields
 + Level 14.7 Spellcasting
 * Level 19.6 Translocations
 - Level 14.0 Invocations


You had 26 spell levels left.
You knew the following spells:

 Your Spells              Type           Power      Damage    Failure   Level
a - Blink                 Tloc           100%       N/A       0%          2
b - Vhi's Electric Charg  Tloc/Air       100%       N/A       1%          3
c - Manifold Assault      Tloc           100%       N/A       1%          4
d - Iskenderun's Mystic   Conj/Tloc      83%        2d16      1%          4
e - Summon Forest         Summ/Tloc      41%        N/A       6%          5

Your spell library contained the following spells:

 Spells                   Type           Power      Damage    Failure   Level
 Lesser Beckoning         Tloc           100%       N/A       0%          2
 Teleport Other           Tloc           100%       N/A       0%          3
 Portal Projectile        Hex/Tloc       100%       N/A       1%          3
 Foxfire                  Conj/Fire      100%       2x1d9     12%         1
 Necrotise                Necr           100%       1d9       12%         1
 Sandblast                Erth           58%        2d13      12%         1
 Shock                    Conj/Air       100%       1d9       12%         1
 Cigotuvi's Dreadful Rot  Necr/Pois/Air  58%        N/A       19%         2
 Ensorcelled Hibernation  Hex/Ice        58%        N/A       19%         2
 Passwall                 Tmut/Erth      24%        N/A       19%         2
 Static Discharge         Conj/Air       58%        2-5/arc   19%         2
 Sublimation of Blood     Necr           29%        N/A       19%         2
 Ignite Poison            Fire/Tmut/Pois 29%        N/A       34%         3
 Spider Form              Tmut/Pois      29%        N/A       34%         3
 Stone Arrow              Conj/Erth      58%        3d10      34%         3
 Summon Guardian Golem    Hex/Summ       29%        N/A       34%         3
 Swiftness                Air            29%        N/A       34%         3
 Tukima's Dance           Hex            29%        N/A       34%         3
 Vampiric Draining        Necr           29%        2d8       34%         3
 Anguish                  Hex/Necr       14%        N/A       75%         4
 Cause Fear               Hex            14%        N/A       75%         4
 Petrify                  Tmut/Erth      29%        N/A       75%         4
 Summon Lightning Spire   Summ/Air       29%        N/A       75%         4
 Malign Gateway           Summ/Tloc      41%        N/A       87%         7
 Agony                    Necr           29%        N/A       97%         5
 Alistair's Intoxication  Tmut/Pois      19%        N/A       97%         5
 Blade Hands              Tmut           14%        N/A       97%         5
 Borgnjor's Vile Clutch   Necr/Erth      14%        N/A       97%         5
 Fireball                 Conj/Fire      14%        3d8       97%         5
 Irradiate                Conj/Tmut      14%        3d16      97%         5
 Silence                  Hex/Air        14%        N/A       97%         5
 Eringya's Noxious Bog    Tmut/Pois      14%        N/A       100%        6
 Plasma Beam              Fire/Air       14%        2x1d28    100%        6
 Simulacrum               Ice/Necr       14%        N/A       100%        6
 Starburst                Conj/Fire      14%        6d6       100%        6
 Statue Form              Tmut/Erth      19%        N/A       100%        6
 Enfeeble                 Hex            14%        N/A       100%        7
 Orb of Destruction       Conj           14%        9d7       100%        7
 Ozocubu's Refrigeration  Ice            14%        4d10      100%        7
 Spellforged Servitor     Conj/Summ      14%        N/A       100%        7
 Storm Form               Tmut/Air       14%        N/A       100%        7
 Summon Hydra             Summ           14%        N/A       100%        7
 Maxwell's Capacitive Co  Air            14%        ∞         100%        8
 Summon Horrible Things   Summ           14%        N/A       100%        8
 Chain Lightning          Conj/Air       14%        3d19      100%        9
 Fire Storm               Conj/Fire      14%        8d4       100%        9
 Polar Vortex             Ice            14%        N/A       100%        9
 Shatter                  Erth           14%        3d14*     100%        9


Dungeon Overview and Level Annotations

Branches:
Dungeon (1/1)

Altars:
Ashenzari
Cheibriados
Dithmenos
Elyvilon
Fedhas
Gozag
Hepliaklqana
Kikubaaqudgha
Makhleb
Nemelex Xobeh
Okawaru
Qazlal
Ru
Sif Muna
Trog
Uskayaw
Vehumet
Wu Jian
Xom
Yredelemnul
Zin
The Shining One
Jiyva
Lugonu


Innate Abilities, Weirdness & Mutations

Your serpentine skin is tough. (AC +5)
You have supernaturally acute eyesight. (SInv)
Armour fits poorly on your strangely shaped body.
Your system is resistant to poisons. (rPois)
You cover ground very slowly.
You can spit poison.
You can use your snake-like lower body to constrict enemies.
You are dopey. (Int -2)
You occasionally lose the ability to read scrolls when taking damage.


Message History

The bolt of cold hits you!! You resist.
Mamuagh is engulfed in mutagenic fog.
You block Nanakav's attack.
GONNNNG!
Malessil comes into view.
Efryi tail-slaps you!!
You feel threatened and lose the ability to read scrolls!
* * * LOW HITPOINT WARNING * * *
Zixker sneers, "Quit, thou mewling tip-merry maggot-pie!"
Zixker gestures.
Zixker blinks!
Mamuagh gestures.
Nanakav gestures at you. The bolt of energy hits you!
* * * LOW HITPOINT WARNING * * *
Comnirac is engulfed in mutagenic fog.
Juuptiesh sneers, "Abandon hope, thou tasty repast!"
Efryi sneers, "Thy viscera shall be my curdle!"
Efryi tail-slaps you but does no damage.
Zixker gestures.
Zixker blinks!
Mamuagh trunk-slaps you but does no damage.
You partially resist.
Viciuh comes into view.
Nanakav hits you but does no damage.
A cacodemon comes into view.
Ximadghye hits you!
* * * LOW HITPOINT WARNING * * *
You feel your power leaking away. You block Comnirac's attack.
SHROANNG!
Malessil gestures.
Malessil blinks!
Juuptiesh is engulfed in mutagenic fog.
Juuptiesh twists and deforms.
Juuptiesh gestures.
Lightning arcs from Juuptiesh's claws!
The bolt of lightning hits Ximadghye!!!
Ximadghye resists.
Ximadghye dies!
A bolt of lightning appears from out of thin air!
The bolt of lightning hits Juuptiesh.
Juuptiesh resists.
The bolt of lightning hits you!! You resist.
You die...

....4..........▓..▓....
▓.......&2..§&..▓.▓.▓...
▓........§.*....▓..▓....
▓......1&§......▓.......
......&.3......▓......©
....).&.§2...§.▓▓▓▓▓▓▓▓
▓..&..§.▓ . ▓▓&&&§§▓▓ .
...▓.&@.§§§▓...
▓....2.&&§§&....
▓.......©...§.§.
▓▓▓▓▓▓▓▓▓▓▓▓▓▓▓▓


You could see Comnirac, Efryi, Juuptiesh (misshapen), Malessil, Mamuagh (fast,
misshapen), Myrhuif, Nanakav (misshapen), Odynaod, Rionnol (invisible),
Taodosets (misshapen), Viciuh, Zaaxa, Zixker, a Hell Sentinel (summoned,
misshapen), a cacodemon, a green death (summoned), a tormentor (summoned) and a
ynoxinul.

Vanquished Creatures
  3 ancient liches (D)
  A juggernaut (shapeshifter) (D)
  A shard shrike (shapeshifter) (D)
  4 pandemonium lords (D)
  A lich (D)
  5 deep elf blademasters (D)
  A deep elf master archer (D)
  2 acid blobs (D)
  2 sphinxes (shapeshifter) (D)
  2 rockslimes (D)
  2 azure jellies (D)
  3 deep elf sorcerers (D)
  A ghoul (D)
  A quicksilver ooze (D)
  2 vampire knights (D)
  An ironbound thunderhulk (D)
  A deep elf annihilator (D)
  A merfolk impaler (D)
  A deep elf death mage (D)
  4 deep elf high priests (D)
  An entropy weaver (D)
  A merfolk javelineer (D)
  4 great orbs of eyes (D)
  A yaktaur captain (D)
  A vault guard (D)
  A hydra (D)
  3 merfolk aquamancers (D)
  An alligator snapping turtle (D)
  A centaur warrior (D)
  A satyr (shapeshifter) (D)
  A satyr (D)
  3 deep elf knights (D)
  4 dancing weapons (D)
  6 vampire magi (D)
  A shock serpent (shapeshifter) (D)
  2 fire crabs (shapeshifter) (D)
  A skeletal warrior (D)
  A skyshark (shapeshifter) (D)
  2 skysharks (D)
  A sea snake (D)
  A sea snake (shapeshifter) (D)
  A cherub (D)
  A glowing orange brain (D)
  8 deep elf archers (D)
  A harpy (shapeshifter) (D)
  A harpy (D)
  2 deep elf zephyrmancers (D)
  5 deep elf pyromancers (D)
  5 necromancers (D)
  3 shining eyes (shapeshifter) (D)
  2 ugly things (D)
  A steelbarb worm (shapeshifter) (D)
  2 orc sorcerers (D)
  A manticore (D)
  An elephant (D)
  3 shining eyes (D)
  3 draconians (D)
  A faun (shapeshifter) (D)
  A merfolk siren (D)
  An elephant (shapeshifter) (D)
  4 toenail golems (D)
  2 vault sentinels (D)
  7 slime creatures (D)
  2 guardian serpents (shapeshifter) (D)
  A torpor snail (D)
  A cane toad (D)
  2 komodo dragons (D)
  A yaktaur (D)
  3 rime drakes (D)
  A tormentor (D)
  7 merfolk (D)
  2 wind drakes (D)
  A tarantella (shapeshifter) (D)
  A troll (shapeshifter) (D)
  A wind drake (shapeshifter) (D)
  A polar bear (shapeshifter) (D)
  A snapping turtle (D)
  4 culicivoras (shapeshifter) (D)
  4 shadows (D)
  2 air elementals (D)
  3 water elementals (D)
  2 vampires (D)
  2 basilisks (D)
  A human (shapeshifter) (D)
  2 golden eyes (D)
  A neqoxec (D)
  An acid dragon (D)
  2 water moccasins (D)
  2 swamp drakes (D)
  A black bear (D)
  An ogre (shapeshifter) (D)
  2 centaurs (D)
  A phantom (D)
  4 necrophages (D)
  A bullfrog (D)
  2 wights (D)
  A quasit (D)
  6 jellies (D)
  2 iron imps (D)
  A white imp (D)
  An ufetubus (D)
  3 adder skeletons (D)
  2 bat skeletons (D)
  A bat zombie (D)
  4 endoplasms (D)
  A quokka skeleton (D)
  A quokka zombie (D)
219 creatures vanquished.

Vanquished Creatures (others)
  A pandemonium lord (D)
  A sun demon (D)
  A smoke demon (D)
  An orange demon (D)
  2 ynoxinuls (D)
  A chaos spawn (D)
7 creatures vanquished.

Grand Total: 226 creatures vanquished

Notes
Turn   | Place    | Note
-------+----------+-------------------------------------------
     0 | D        | Groucho the Naga Warper began the quest for the Orb.
     0 | D        | Reached XP level 1. HP: 19/19 MP: 3/3
     4 | D        | Found a blossoming altar of Fedhas.
     4 | D        | Found the +6 Majin-Bo {spellvamp, MP+6 Int+6}
     4 | D        | Found the +27 heavy crossbow "Sniper" {heavy, Acc+∞ SInv}
     4 | D        | Found the +10 dark maul {heavy}
     4 | D        | Found the +15 Maxwell's patent armour {-Cast -Tele rElec
                  | Will+ rCorr}
     4 | D        | Found the +18 shield of the Gong {Loud rN+ Will+ rCorr
                  | EV-5}
     4 | D        | Found the +16 obsidian axe {drain, demonic, Mesm Drain Fly
                  | SInv}
     4 | D        | Found the +7 great mace "Firestarter" {flame, immolate,
                  | rFlCloud rF++}
     4 | D        | Found the +6 shillelagh "Devastator" {shatter}
     4 | D        | Found the +11 plutonium sword {Contam Stlth-}
     4 | D        | Found the +8 lance "Wyrmbane" {slay drac, rPois rF+ rC+
                  | AC+3}
     4 | D        | Found the +9 sword of Zonguldrok {reap}
     4 | D        | Found the +13 scythe of Curses {drain, curses, Drain}
     4 | D        | Found the +9 sword of Power {lifebolt}
     4 | D        | Found the +7 mace of Variability {chaos, chaos arc}
     4 | D        | Found the +11 Singing Sword {sonic wave}
     4 | D        | Found the +8 storm bow {elec, penet}
     8 | D        | Found an opulent altar of Gozag.
     8 | D        | Found a hazy altar of Hepliaklqana.
     8 | D        | Found a viscous altar of Jiyva.
     8 | D        | Found a transporter.
    10 | D        | Became a worshipper of Cheibriados the Contemplative
    12 | D        | Found an ancient bone altar of Kikubaaqudgha.
    14 | D        | Found a corrupted altar of Lugonu.
    16 | D        | Found a burning altar of Makhleb.
    17 | D        | Found a sacrificial altar of Ru.
    17 | D        | Found a shimmering blue altar of Sif Muna.
    17 | D        | Found a stormy altar of Qazlal.
    17 | D        | Found a bloodstained altar of Trog.
    17 | D        | Found an iron altar of Okawaru.
    17 | D        | Found a sparkling altar of Nemelex Xobeh.
    67 | D        | Entered arena 2.
    67 | D        | Noticed a merfolk
    67 | D        | Noticed a merfolk
    67 | D        | Found a transporter.
    79 | D        | Killed a merfolk
    80 | D        | Reached skill level 5 in Maces & Flails
    80 | D        | Reached XP level 2. HP: 12/30 MP: 3/6
    80 | D        | Reached XP level 3. HP: 14/36 MP: 4/8
    80 | D        | Reached XP level 4. HP: 17/44 MP: 4/9
    80 | D        | Reached XP level 5. HP: 20/50 MP: 4/10
    84 | D        | Killed a merfolk
    84 | D        | Reached * piety under Cheibriados
    85 | D        | Reached skill level 6 in Maces & Flails
    85 | D        | Reached skill level 5 in Armour
    85 | D        | Reached skill level 5 in Translocations
    85 | D        | Reached XP level 6. HP: 17/60 MP: 4/12
   484 | D        | Learned a level 2 spell: Blink
   488 | D        | Learned a level 3 spell: Vhi's Electric Charge
   493 | D        | Learned a level 4 spell: Manifold Assault
   787 | D        | Entered arena 3.
   787 | D        | Noticed a draconian
   787 | D        | Noticed a draconian
   787 | D        | Noticed a draconian
   787 | D        | Found a transporter.
   798 | D        | Killed a draconian
   799 | D        | Reached skill level 5 in Fighting
   799 | D        | Reached skill level 7 in Maces & Flails
   799 | D        | Reached skill level 5 in Spellcasting
   799 | D        | Reached XP level 7. HP: 38/67 MP: 12/14
   804 | D        | Killed a draconian
   804 | D        | Reached ** piety under Cheibriados
   805 | D        | Reached skill level 8 in Maces & Flails
   805 | D        | Reached XP level 8. HP: 31/76 MP: 13/16
   807 | D        | Killed a draconian
   808 | D        | Reached skill level 5 in Dodging
   808 | D        | Reached skill level 5 in Shields
  1085 | D        | Entered arena 4.
  1085 | D        | Noticed a toenail golem
  1085 | D        | Noticed a toenail golem
  1085 | D        | Noticed a toenail golem
  1085 | D        | Noticed a toenail golem
  1085 | D        | Found a transporter.
  1090 | D        | Killed a toenail golem
  1090 | D        | Killed a toenail golem
  1090 | D        | Reached *** piety under Cheibriados
  1091 | D        | Reached skill level 9 in Maces & Flails
  1091 | D        | Reached XP level 9. HP: 85/85 MP: 16/18
  1093 | D        | Killed a toenail golem
  1093 | D        | Reached **** piety under Cheibriados
  1093 | D        | Killed a toenail golem
  1099 | D        | Got the ring "Maboam" {*Corrode rPois Int+6 Dex+4 Stlth+}
  1107 | D        | Entered arena 5.
  1107 | D        | Noticed a +3 heavy battleaxe
  1107 | D        | Noticed a deep elf archer
  1107 | D        | Noticed a deep elf death mage
  1107 | D        | Found a transporter.
  1116 | D        | Reached skill level 10 in Maces & Flails
  1117 | D        | Killed a deep elf death mage
  1126 | D        | Killed a ghostly deep elf death mage
  1126 | D        | Killed a +3 heavy battleaxe
  1126 | D        | Killed a deep elf archer
  1126 | D        | Reached ***** piety under Cheibriados
  1127 | D        | Reached skill level 10 in Invocations
  1127 | D        | Reached XP level 10. HP: 41/96 MP: 8/20
  1461 | D        | Entered arena 6.
  1461 | D        | Found the amulet of Vitality {RegenMP++ Regen++}
  1461 | D        | Found a transporter.
  1490 | D        | Entered arena 7.
  1491 | D        | Found a transporter.
  1492 | D        | Reached ****** piety under Cheibriados
  1493 | D        | Reached skill level 11 in Maces & Flails
  1509 | D        | Got Digan's Discursus on Deathly Allies
  1515 | D        | Entered arena 8.
  1518 | D        | Found a transporter.
  1535 | D        | Entered arena 9.
  1539 | D        | Reached XP level 11. HP: 97/104 MP: 11/22
  1708 | D        | Found a transporter.
  1731 | D        | Entered arena 10.
  1731 | D        | Noticed a shining eye
  1731 | D        | Noticed a red ugly thing
  1731 | D        | Noticed a red ugly thing
  1731 | D        | Noticed a harpy
  1732 | D        | Killed a harpy
  1733 | D        | Reached skill level 12 in Maces & Flails
  1733 | D        | Reached skill level 10 in Armour
  1734 | D        | Killed a red ugly thing
  1734 | D        | Killed a red ugly thing
  1735 | D        | Killed a shining eye
  1978 | D        | Found a transporter.
  2023 | D        | Entered arena 11.
  2023 | D        | Noticed a vault guard
  2023 | D        | Noticed a yaktaur captain
  2023 | D        | Noticed a great orb of eyes
  2023 | D        | Noticed an ironbound thunderhulk
  2023 | D        | Noticed an entropy weaver
  2023 | D        | Noticed a centaur warrior
  2025 | D        | Killed a centaur warrior
  2026 | D        | Killed a great orb of eyes
  2026 | D        | Killed a vault guard
  2026 | D        | Killed an ironbound thunderhulk
  2026 | D        | Killed an entropy weaver
  2026 | D        | Killed a yaktaur captain
  2027 | D        | Reached skill level 13 in Maces & Flails
  2027 | D        | Reached skill level 10 in Translocations
  2027 | D        | Reached XP level 12. HP: 102/116 MP: 11/25
  2115 | D        | Found a transporter.
  2123 | D        | Got the ring "Wavebeag" {rElec EV+5 Str+5}
  2145 | D        | Got Gopusch's Commentary on Coruscating Intoxication
  2163 | D        | Entered arena 12.
  2163 | D        | Noticed a deep elf knight
  2163 | D        | Noticed a deep elf annihilator
  2163 | D        | Noticed a deep elf sorcerer
  2164 | D        | Noticed a deep elf blademaster
  2164 | D        | Identified the ring "Poahoschi" {Ice Str-5 Dex+5}
  2164 | D        | Noticed a deep elf high priest
  2166 | D        | Reached skill level 10 in Fighting
  2166 | D        | Killed a deep elf knight
  2166 | D        | Killed a deep elf high priest
  2167 | D        | Reached skill level 14 in Maces & Flails
  2167 | D        | Killed a deep elf annihilator
  2167 | D        | Killed a deep elf blademaster
  2167 | D        | Killed a deep elf sorcerer
  2323 | D        | Found a transporter.
  2351 | D        | Entered arena 13.
  2351 | D        | Noticed a deep elf blademaster
  2351 | D        | Noticed a deep elf high priest
  2351 | D        | Noticed a deep elf knight
  2351 | D        | Noticed a deep elf high priest
  2351 | D        | Noticed a deep elf blademaster
  2352 | D        | Identified the amulet "Xonkiown" {Spirit rC++ Will++ Str-5}
  2352 | D        | Noticed a deep elf sorcerer
  2352 | D        | Identified the +4 morningstar of Bankruptcy {freeze, rElec
                  | rPois Int+4}
  2354 | D        | Killed a deep elf high priest
  2354 | D        | Killed a deep elf high priest
  2354 | D        | Killed a deep elf knight
  2355 | D        | Reached skill level 15 in Maces & Flails
  2355 | D        | Reached skill level 10 in Shields
  2355 | D        | Reached skill level 10 in Spellcasting
  2355 | D        | Gained mutation: You can use your snake-like lower body to
                  | constrict enemies. [Naga growth]
  2355 | D        | Reached XP level 13. HP: 104/127 MP: 17/27
  2355 | D        | Killed a deep elf blademaster
  2355 | D        | Killed a deep elf blademaster
  2355 | D        | Killed a deep elf sorcerer
  2356 | D        | Reached skill level 16 in Maces & Flails
  2356 | D        | Found a transporter.
  2364 | D        | Got the amulet "Xiniwyga" {rN+ Will++ Regen+ rCorr}
  2407 | D        | Entered arena 14.
  2408 | D        | Noticed a lich
  2408 | D        | Noticed a vampire knight
  2408 | D        | Noticed a ghoul
  2408 | D        | Noticed a vampire knight
  2408 | D        | Noticed an ancient lich
  2410 | D        | Killed a vampire knight
  2411 | D        | Reached skill level 17 in Maces & Flails
  2411 | D        | Killed a vampire knight
  2412 | D        | Killed a lich
  2412 | D        | Killed an ancient lich
  2412 | D        | Noticed an ancient lich
  2413 | D        | Reached skill level 18 in Maces & Flails
  2413 | D        | Reached skill level 10 in Dodging
  2414 | D        | Killed a ghoul
  2417 | D        | Found a transporter.
  2423 | D        | Killed an ancient lich
  2424 | D        | Reached skill level 19 in Maces & Flails
  2424 | D        | Reached XP level 14. HP: 126/139 MP: 9/29
  2432 | D        | Got the ring of Oraywyd {Wiz Fly Str-4 Int+2}
  2441 | D        | Got the Textbook on Intoxicating Shapes
  2458 | D        | Entered arena 15.
  2459 | D        | Noticed an azure jelly
  2459 | D        | Noticed an acid blob
  2460 | D        | Noticed a rockslime
  2465 | D        | Killed a rockslime
  2467 | D        | Killed an azure jelly
  2467 | D        | Killed an acid blob
  2674 | D        | Found a transporter.
  2699 | D        | Entered arena 16.
  2703 | D        | Reached skill level 15 in Armour
  2703 | D        | Reached skill level 15 in Translocations
  2704 | D        | Reached skill level 20 in Maces & Flails
  2705 | D        | Found a transporter.
  2726 | D        | Got the ring of the Commoners {Fire Dex+5}
  2738 | D        | Entered arena 17.
  2741 | D        | Found the +10 tower shield of Ignorance {rN+ Int-4}
  2758 | D        | Found a transporter.
  2815 | D        | Got the amulet "Kogiohuo" {Regen+ Int+3}
  2863 | D        | Entered arena 18.
  2866 | D        | Noticed a deep elf sorcerer
  2866 | D        | Noticed a deep elf blademaster
  2866 | D        | Paralysed by an air elemental for 1 turns
  2866 | D        | Identified the +4 great mace "Kudox" {freeze, Drain rElec
                  | rN+}
  2866 | D        | Identified the +6 war axe of the Trees {antimagic, rPois}
  2866 | D        | Noticed a deep elf blademaster
  2867 | D        | Noticed a deep elf master archer
  2869 | D        | Killed a deep elf blademaster
  2869 | D        | Killed a deep elf blademaster
  2869 | D        | Killed a deep elf sorcerer
  2870 | D        | Reached skill level 21 in Maces & Flails
  2870 | D        | Reached XP level 15. HP: 139/150 MP: 18/31
  2870 | D        | Killed a deep elf master archer
  3130 | D        | Learned a level 4 spell: Iskenderun's Mystic Blast
  3136 | D        | Learned a level 5 spell: Summon Forest
  3137 | D        | Found a transporter.
  3143 | D        | Got Ekaddaji's Incunable of Malediction and Turbulence
  3193 | D        | Entered arena 19.
  3196 | D        | Noticed a rockslime
  3196 | D        | Noticed an acid blob
  3198 | D        | Killed a rockslime
  3199 | D        | Killed an acid blob
  3203 | D        | Gained mutation: You occasionally lose the ability to read
                  | scrolls when taking damage. [a shining eye]
  3204 | D        | Gained mutation: You are dopey. (Int -2) [a shining eye]
  3207 | D        | Noticed an azure jelly
  3207 | D        | Found the dreamshard necklace {*Dream Drain}
  3208 | D        | Found a transporter.
  3218 | D        | Killed an azure jelly
  3240 | D        | Got the ring of Bimualir {Fly rN+ AC+4}
  3279 | D        | Entered arena 20.
  3284 | D        | Noticed an ancient lich
  3291 | D        | Killed an ancient lich
  3292 | D        | Reached skill level 15 in Fighting
  3292 | D        | Reached skill level 22 in Maces & Flails
  3293 | D        | Found a transporter.
  3323 | D        | Got Tuor's Precepts of Striking
  3382 | D        | Entered arena 21.
  3386 | D        | Noticed a shard shrike
  3388 | D        | a shard shrike changed into a juggernaut
  3388 | D        | Noticed a juggernaut (glowing shapeshifter)
  3388 | D        | Noticed a shard shrike
  3389 | D        | Killed a shard shrike
  3391 | D        | Killed a juggernaut
  3392 | D        | Noticed a fenstrider witch
  3393 | D        | Reached XP level 16. HP: 166/166 MP: 12/34
  3393 | D        | a fenstrider witch changed into a sphinx
  3393 | D        | Noticed a sphinx (glowing shapeshifter)
  3396 | D        | Killed a sphinx
  3397 | D        | Noticed a juggernaut
  3397 | D        | a juggernaut changed into a shadow dragon
  3397 | D        | Noticed a shadow dragon (glowing shapeshifter)
  3398 | D        | Found a transporter.
  3398 | D        | a shadow dragon changed into a golden dragon
  3398 | D        | Noticed a golden dragon (glowing shapeshifter)
  3399 | D        | a golden dragon changed into an iron giant
  3399 | D        | Noticed an iron giant (glowing shapeshifter)
  3399 | D        | an iron giant changed into a frost giant
  3400 | D        | a frost giant changed into a shadow dragon
  3400 | D        | Noticed a shadow dragon (glowing shapeshifter)
  3401 | D        | a shadow dragon changed into an iron giant
  3401 | D        | Noticed an iron giant (glowing shapeshifter)
  3401 | D        | an iron giant changed into an iron dragon
  3401 | D        | an iron dragon changed into an iron giant
  3401 | D        | Noticed an iron giant (glowing shapeshifter)
  3402 | D        | an iron giant changed into a caustic shrike
  3402 | D        | Noticed a caustic shrike (glowing shapeshifter)
  3403 | D        | a caustic shrike changed into a shadow dragon
  3403 | D        | Noticed a shadow dragon (glowing shapeshifter)
  3404 | D        | a shadow dragon changed into a fenstrider witch
  3404 | D        | Noticed a fenstrider witch (glowing shapeshifter)
  3405 | D        | a fenstrider witch changed into a shadow dragon
  3405 | D        | Noticed a shadow dragon (glowing shapeshifter)
  3409 | D        | a shadow dragon changed into a sphinx
  3409 | D        | Noticed a sphinx (glowing shapeshifter)
  3414 | D        | Killed a sphinx
  3415 | D        | Reached skill level 23 in Maces & Flails
  3425 | D        | Got the amulet of Wuxzeas {Acrobat rF+ rC+ rCorr Stlth-}
  3451 | D        | Got the ring "Gimpo" {rC+ rCorr Str-4 Int+6}
  3456 | D        | Got the Disquisition on Mighty Transfiguration
  3460 | D        | Entered arena 22.
  3464 | D        | Noticed Comnirac the pandemonium lord
  3464 | D        | Noticed Odynaod the pandemonium lord
  3464 | D        | Noticed Ugeg the pandemonium lord
  3464 | D        | Noticed Nanakav the pandemonium lord
  3464 | D        | Noticed Taodosets the pandemonium lord
  3464 | D        | Noticed Ximadghye the pandemonium lord
  3464 | D        | Noticed Xoikizymu the pandemonium lord
  3464 | D        | Noticed Rodaqid the pandemonium lord
  3464 | D        | Noticed Efryi the pandemonium lord
  3464 | D        | Noticed Juuptiesh the pandemonium lord
  3464 | D        | Noticed Mamuagh the pandemonium lord
  3465 | D        | Noticed Rionnol the pandemonium lord
  3465 | D        | Noticed Myrhuif the pandemonium lord
  3466 | D        | Noticed a Hell Sentinel
  3466 | D        | Noticed Fuumucy the pandemonium lord
  3466 | D        | Noticed Zaaxa the pandemonium lord
  3467 | D        | Noticed Zixker the pandemonium lord
  3468 | D        | Noticed a tentacled monstrosity
  3468 | D        | Noticed a tentacled monstrosity
  3469 | D        | Killed Xoikizymu the pandemonium lord
  3469 | D        | Killed Rodaqid the pandemonium lord
  3469 | D        | Killed Ugeg the pandemonium lord
  3469 | D        | Killed Fuumucy the pandemonium lord
  3470 | D        | Noticed Malessil the pandemonium lord
  3470 | D        | Noticed Viciuh the pandemonium lord
  3470 | D        | HP: 3/169 [Ximadghye the pandemonium lord (12)]
  3470 | D        | Killed Ximadghye the pandemonium lord
  3470 | D        | Killed from afar by Juuptiesh the pandemonium lord

Illustrated notes

Levels and vault maps discovered:
D:        sprint_v [room_start, room_1, room_2, room_3, room_4, room_5, room_6,
          room_7, room_8, room_9, room_10, room_11, room_12, room_13, room_14,
          room_15, room_16, room_17, room_18, room_19, room_20, room_21,
          room_22, room_23, room_24, room_25, room_26, room_27]

Skill      XL: |  1  2  3  4  5  6  7  8  9 10 11 12 13 14 15 16 |
---------------+-------------------------------------------------+-----
Fighting       | 4 5 6 7 8 9 11 12 13 16 17 | 17.2
Maces & Flails | 5 6 7 8 9 10 11 13 15 19 21 22 23 | 23.3
Armour         | 4 5 6 7 9 11 12 14 16 17 18 | 18.5
Dodging        | 3 4 5 6 8 9 10 11 13 | 13.5
Shields        | 3 4 5 6 7 8 10 11 12 14 | 14.5
Spellcasting   | 3 4 5 6 7 9 10 11 12 14 | 14.7
Translocations | 4 5 6 7 8 10 11 14 16 19 | 19.6
Invocations    | 3 4 6 8 10 11 13 14 | 14.0
Throwing       | |  0.8

Action                     |  1- 3 |  4- 6 |  7- 9 | 10-12 | 13-15 | 16-18 || total
---------------------------+-------+-------+-------+-------+-------+-------++-------
  Melee: Shillelagh        |     9 |    14 |    21 |     7 |    28 |     8 ||    87
         Constrict         |       |       |       |       |     4 |       ||     4
  Throw: Boomerang         |       |       |       |       |     4 |       ||     4
         Javelin           |       |       |       |       |     1 |       ||     1
 Invoke: Slouch            |       |       |     2 |    19 |    40 |     6 ||    67
         Bend Time         |       |       |       |     1 |       |       ||     1
    Use: Potion            |     2 |       |     3 |       |     3 |       ||     8
 Armour: Plate armour      |     6 |    11 |    11 |     9 |       |       ||    37
         Gold dragon scale |       |       |       |     1 |    34 |     8 ||    43
  Dodge: Dodged            |       |       |     2 |       |    19 |     8 ||    29
  Block: Kite shield       |    20 |    20 |    54 |    29 |    86 |    23 ||   232
